 Dungeon Crawl Stone Soup version 0.29.0-4-gdea44cf6ec (webtiles) character file.

Game seed: 7780957666959711494

74 qw the Chopper (level 4, -9/35 HPs)
             Began as a Demonspawn Cinder Acolyte on Sept 9, 2022.
             Was a High Priest of Ignis.
             Mangled by Terence
             ... wielding a +0 flail
              (11 damage)
             ... on level 3 of the Dungeon.
             The game lasted 00:00:58 (2864 turns).

qw the Chopper (Demonspawn Cinder Acolyte)          Turns: 2864, Time: 00:00:59

Health: -9/35      AC: 15    Str: 17    XL:     4   Next: 9%
Magic:  5/5        EV: 10    Int: 15    God:    Ignis [*****.]
Gold:   51         SH:  0    Dex:  8    Spells: 5/5 levels left

rFire   + . .      SeeInvis .   Y - +0 hand axe (flame)
rCold   . . .      Faith    .   (no shield)
rNeg    . . .      Spirit   .   g - +0 ring mail
rPois   .          Reflect  .   (no helmet)
rElec   .          Harm     .   (no cloak)
rCorr   .          Rampage  .   f - +0 pair of gloves
Will    .....                   (no boots)
Stlth   ..........              (no amulet)
HPRegen 0.11/turn               (no ring)
MPRegen 0.09/turn               (no ring)

@: about to teleport, fiery-armoured
A: thin metallic scales 1, powered by death 1, weakness stinger 1
a: Renounce Religion, Fiery Armour, Foxfire Swarm, Rising Flame


You were on level 3 of the Dungeon.
You worshipped Ignis.
Ignis was extremely pleased with you.
You visited 1 branch of the dungeon, and saw 3 of its levels.

You collected 106 gold pieces.
You spent 55 gold pieces at shops.


Innate Abilities, Weirdness & Mutations

You are partially covered in thin metallic scales. (AC +2)
You regenerate a little health from kills.
You have a small tail.


   Skills:
 - Level 3.0 Fighting
 + Level 4.5 Axes
 - Level 1.0 Spellcasting
 - Level 2.6 Fire Magic


You had 5 spell levels left.
You didn't know any spells.
Your spell library contained the following spells:

 Spells                   Type           Power      Damage    Failure   Level
 Scorch                   Fire           16%        2d6       22%         2

Inventory:

Hand Weapons
 Y - a +0 hand axe of flaming (weapon)
Armour
 f - a +0 pair of gloves (worn)
 g - a +0 ring mail (worn)
Jewellery
 j - a ring of ice
Scrolls
 a - a scroll of poison {unknown}
 e - a scroll of identify
Potions
 c - a potion of might
 h - a potion of curing {unknown}

Dungeon Overview and Level Annotations

Branches:
Dungeon (3/15)

Altars:

Shops:
D:1 :   D:2 *

Annotations:
D:3 2 transporters, Terence; qw's ghost, amateur GrBe


Message History

You hit Terence but do no damage. Terence hits you with a +0 flail.
You barely miss Terence. Terence hits you but does no damage.
You hit Terence but do no damage. Terence hits you with a +0 flail!
You barely miss Terence. Terence barely misses you.
You hit Terence but do no damage.
Your tail-slap misses Terence.
Terence hits you with a +0 flail.
You hit Terence but do no damage. Terence barely misses you.
You hit Terence but do no damage. Terence hits you with a +0 flail.
2859 ||| INVOKING Fiery Armour.
A protective cloak of flame settles atop you.
Terence hits you with a +0 flail!
Terence is burned by your cloak of flames.
Terence is lightly wounded.
You completely miss Terence. You tail-slap Terence.
Terence is moderately wounded.
Terence barely misses you.
You hit Terence but do no damage.
Terence is moderately wounded.
Terence hits you with a +0 flail!
Terence is burned by your cloak of flames.
Terence is moderately wounded.
Terence barely misses you.
2862 ||| READING scroll of teleportation.
As you read the scroll of teleportation, it crumbles to dust.
You feel strangely unstable. Terence closely misses you.
You hit Terence. You burn Terence.
Terence is heavily wounded.
Terence barely misses you.
You hit Terence. You burn Terence. You tail-slap Terence.
Terence is severely wounded.
Terence asks, "Do you want it fast or slow?"
Terence hits you with a +0 flail!
You die...

### #.# #.# ##
#######.###....
........@......
#@#### ###
#.#####.##.# ..#
...........####.#
#............##.#
#..####.#.......#
#. #.#..#.##.#
#.#..#.##.####..##
..................
.......##%####..##


You could see Terence (strong).

Vanquished Creatures
  2 adders (D:3)
  2 worms (D:2)
  An orc (D:3)
  8 ball pythons
  8 bats
  2 endoplasms
  A giant cockroach (D:2)
  5 goblins
  4 hobgoblins
  A kobold (D:2)
  3 quokkas
  5 frilled lizards
  5 rats
47 creatures vanquished.

Notes
Turn   | Place    | Note
-------+----------+-------------------------------------------
     0 | D:1      | qw the Demonspawn Cinder Acolyte began the quest for the
                  | Orb.
     0 | D:1      | Reached XP level 1. HP: 18/18 MP: 2/2
     0 | D:1      | 0 ||| qw: Version: 0.1-a-113-g051387a
     0 | D:1      | 0 ||| qw: Game counter: 7053
     0 | D:1      | 0 ||| qw: Always use a shield: true
     0 | D:1      | 0 ||| qw: God list: Okawaru
     0 | D:1      | 0 ||| qw: Allow faded altars: false
     0 | D:1      | 0 ||| qw: Do Orc after D:15 true
     0 | D:1      | 0 ||| qw: Do second Lair branch before Depths: true
     0 | D:1      | 0 ||| qw: Lair rune preference: random
     0 | D:1      | 0 ||| qw: Plans: Normal
     0 | D:1      | 0 ||| PLANNING D:1-11
     4 | D:1      | 4 ||| Stepping ~*~*~tactically~*~*~ (water).
    95 | D:1      | 95 ||| Stepping ~*~*~tactically~*~*~ (water).
   184 | D:1      | Reached skill level 3 in Axes
   382 | D:1      | 382 ||| INVOKING Fiery Armour.
   385 | D:1      | Gained mutation: You have a small tail. [demonic ancestry]
   385 | D:1      | Reached XP level 2. HP: 10/24 MP: 3/3
   773 | D:1      | Found Cazanas's Vocational Training.
  1029 | D:1      | 1029 ||| INVOKING Fiery Armour.
  1477 | D:1      | 1477 ||| DROPPING orb of mayhem.
  1478 | D:1      | 1478 ||| UPGRADING to +0 pair of gloves.
  1483 | D:1      | 1483 ||| UPGRADING to +0 ring mail.
  1493 | D:1      | 1493 ||| DROPPING +0 robe.
  1494 | D:1      | 1494 ||| READING scroll labelled KETAMUAMNO.
  1495 | D:1      | 1495 ||| READING 2 scrolls labelled IZONISIFOR.
  1496 | D:1      | 1496 ||| READING scroll labelled BACHEUFIA ONAUN.
  1501 | D:1      | 1501 ||| READING scroll labelled JOEMPO PYRUTA.
  1502 | D:1      | 1502 ||| DROPPING scroll of amnesia.
  1630 | D:2      | Gained mutation: You regenerate a little health from kills.
                  | [demonic ancestry]
  1630 | D:2      | Reached XP level 3. HP: 18/29 MP: 4/4
  2014 | D:2      | 2014 ||| Stepping ~*~*~tactically~*~*~ (stealth).
  2015 | D:2      | 2015 ||| Stepping ~*~*~tactically~*~*~ (stealth).
  2016 | D:2      | 2016 ||| Stepping ~*~*~tactically~*~*~ (stealth).
  2022 | D:2      | 2022 ||| Stepping ~*~*~tactically~*~*~ (stealth).
  2030 | D:2      | Reached skill level 4 in Axes
  2086 | D:2      | Found Wuhumut's General Store.
  2095 | D:2      | 2095 ||| SHOPLISTING +1 cloak of Starlight {*Dazzle EV+4
                  | Stlth--} (335 gold, have 64).
  2095 | D:2      | 2095 ||| SHOPLISTING 3 scrolls of teleportation (99 gold,
                  | have 64).
  2095 | D:2      | 2095 ||| BUYING scroll of identify (22 gold).
  2095 | D:2      | Bought a scroll of identify for 22 gold pieces
  2095 | D:2      | 2095 ||| BUYING scroll of teleportation (33 gold).
  2095 | D:2      | Bought a scroll of teleportation for 33 gold pieces
  2200 | D:2      | Found a faded altar of an unknown god.
  2388 | D:2      | 2388 ||| READING scroll labelled UBLEBL OROFUXT.
  2389 | D:2      | 2389 ||| READING scroll labelled XUPLIRA PUANKA.
  2390 | D:2      | 2390 ||| READING scroll labelled AKLAPLITWE.
  2391 | D:2      | 2391 ||| READING scroll labelled UTRUIG ATHROXT.
  2392 | D:2      | 2392 ||| READING scroll labelled OFOLASK ULLE.
  2393 | D:2      | 2393 ||| READING 2 scrolls of identify.
  2393 | D:2      | 2393 ||| IDENTIFYING sedimented white potion
  2558 | D:3      | Noticed a phantom
  2574 | D:3      | Noticed qw's ghost (amateur GrBe)
  2597 | D:3      | Found a transporter.
  2615 | D:3      | Gained mutation: You are partially covered in thin metallic
                  | scales. (AC +2) [demonic ancestry]
  2615 | D:3      | Reached XP level 4. HP: 35/35 MP: 5/5
  2627 | D:3      | Found a transporter.
  2845 | D:3      | Noticed Terence
  2859 | D:3      | 2859 ||| INVOKING Fiery Armour.
  2861 | D:3      | HP: 1/35 [Terence/+0 flail (9)]
  2862 | D:3      | 2862 ||| READING scroll of teleportation.
  2864 | D:3      | Mangled by Terence

Levels and vault maps discovered:
D:1:      dpeg_arrival_subterranean_lakeside_camping, layout_basic,
          nicolae_shop_vocational
D:2:      layout_basic, serial_shops, shop, basic_ecumenical_altar,
          corexii_leaking_fountain
D:3:      layout_basic, gammafunk_ghost_arena, uniq_terence

Skill      XL: |  1  2  3 |
---------------+----------+-----
Axes           | 3 4 |  4.5
Fighting       | |  3.0
Spellcasting   | |  1.0
Fire Magic     | |  2.6

Action                   |  1- 3 |  4- 6 || total
-------------------------+-------+-------++-------
Melee: Hand axe          |   155 |    17 ||   172
       Tailslap          |    10 |     3 ||    13
       Punch             |     1 |       ||     1
Invok: Fiery Armour      |     2 |     1 ||     3
  Use: Scroll            |    10 |     1 ||    11
Armor: Robe              |    24 |       ||    24
       Ring mail         |    24 |     5 ||    29
Dodge: Dodged            |    78 |     7 ||    85

Table legend:
 A = Non-vault XP
 B = Vault XP
 C = Vault XP percentage of total XP
 D = Non-vault monster count
 E = Vault monster count
 F = Vault count percentage of total count
                 A         B        C        D         E       F
            +---------+---------+-------+---------+---------+-------
      Total |      98 |       8 |   7.5 |      41 |       6 |  12.8
            +---------+---------+-------+---------+---------+-------
        D:1 |      27 |       8 |  22.9 |      17 |       6 |  26.1
        D:2 |      30 |       0 |   0.0 |      14 |       0 |   0.0
        D:3 |      41 |       0 |   0.0 |      10 |       0 |   0.0
            +---------+---------+-------+---------+---------+-------
